 Dungeon Crawl Stone Soup version 0.28.0 (webtiles) character file.

Game seed: 18132873006084990577

2689 dualclasshuman the Thaumaturge (level 9, 0/57 HPs)
             Began as a Djinni Fire Elementalist on Feb 17, 2022.
             Slain by a wight (9 damage)
             ... on level 7 of the Dungeon.
             The game lasted 00:27:50 (7296 turns).

dualclasshuman the Thaumaturge (DjFE)               Turns: 7296, Time: 00:27:55

Health: 0/57       AC:  7    Str:  7    XL:     9   Next: 96%
Gold:   362        EV: 13    Int: 21    God:
                   SH:  0    Dex: 14

rFire   + + .      SeeInvis .   z - +2 quarterstaff (chaos)
rCold   . . .      Faith    .   (shield currently unavailable)
rNeg    . . .      Spirit   .   t - +2 robe {Will+}
rPois   ∞          Reflect  .   (no helmet)
rElec   .          Harm     .   y - +2 cloak
rCorr   .          Rampage  .   (no gloves)
Will    +....                   (boots unavailable)
Stlth   ++........              (no amulet)
HPRegen 0.19/turn               v - ring of protection from cold
MPRegen 0.00/turn               (no ring)

@: flying
A: sickness immunity, fire resistance 2, cold vulnerability 1, float, innate
caster, HP casting, extra vitality 1
a: no special abilities


You were on level 7 of the Dungeon.
You visited 1 branch of the dungeon, and saw 7 of its levels.
You also visited: Sewer.

You collected 362 gold pieces.

Inventory:

Hand Weapons
 i - a +0 quarterstaff
 j - a +0 rapier
 n - a +3 scythe of flaming
 s - a +2 whip of freezing
 w - a +0 trident of freezing
 z - a +2 quarterstaff of chaos (weapon)
Armour
 a - a +2 robe
 t - a +2 robe of willpower (worn)
 y - a +2 cloak (worn)
Jewellery
 v - a ring of protection from cold (left hand)
Wands
 p - a wand of paralysis (3)
 q - a wand of polymorph (12)
Scrolls
 h - 3 scrolls of identify
 l - a scroll of magic mapping
 m - a scroll of immolation
 o - 3 scrolls of fog
 r - a scroll of holy word
 x - a scroll of teleportation
Potions
 b - 4 potions of curing
 c - a potion of haste
 d - 2 potions of resistance
 e - a potion of lignification
 f - 2 potions of invisibility
 g - a potion of berserk rage
 k - 2 potions of attraction
 u - a potion of heal wounds
 A - a potion of flight {unknown}
 B - a potion of brilliance {unknown}


   Skills:
 + Level 1.0 Fighting
 + Level 0.1 Short Blades
 + Level 3.2 Dodging
 - Level 1.5 Stealth
 * Level 10.1 Spellcasting


You had 5 spell levels left.
You knew the following spells:

 Your Spells              Type           Power      Damage    Failure   Level
a - Foxfire               Conj/Fire      100%       2x1d9     1%          1
b - Scorch                Fire           100%       2d10      1%          2
c - Conjure Flame         Conj/Fire      52%        6-21      1%          3
d - Inner Flame           Hex/Fire       52%        N/A       1%          3
e - Flame Wave            Conj/Fire      52%        2d11      1%          4
f - Beastly Appendage     Tmut           100%       N/A       1%          1
g - Blink                 Tloc           100%       N/A       1%          2
h - Vampiric Draining     Necr           52%        2d9       1%          3
i - Summon Ice Beast      Ice/Summ       52%        N/A       1%          4
Your spell library was empty.

Dungeon Overview and Level Annotations

Branches:
Dungeon (7/15)              Sewer (visited)
 Temple: D:4-7

Altars:
Ashenzari
Cheibriados
Kikubaaqudgha
Sif Muna
Trog
Uskayaw
Yredelemnul


Innate Abilities, Weirdness & Mutations

You are immune to sickness and miasma.
You are immune to poison.
Your flesh is very heat resistant. (rF++)
You are vulnerable to cold. (rC-)
You float through the air rather than walking.
You learn spells naturally, not from books.
Your magical power is your life essence.
You have superior vitality. (+4 MHP)


Message History

Orders for allies: a - Attack new target. p - Attack previous target. r - Retreat! s - Stop attacking. g - Guard the area. f - Follow me.
Anything else - Cancel.
Gang up on whom?
Press: ? - help, Dir - move target, f/p - wight
Aim: a wight, wielding a +2 trident of freezing and wearing a +0 robe (inner flame, ally target) Attack!
Casting: Inner Flame (safe; 1% risk of failure)
Confirm with . or Enter, or press ? or * to list all spells.
You conjure some foxfire!
The foxfire hits the wight!
Flame seeps out of the wight.
The wight is heavily damaged.
The foxfire hits the wight.
Flame seeps out of the wight.
The wight is severely damaged.
Your ice beast hits the wight but does no damage.
The wight is engulfed in blazing flames.
The wight explodes!
The fiery explosion engulfs your ice beast!!!
Your ice beast melts!
You kill your ice beast!
Your ice beast disappears in a puff of smoke!
There is an open door here.
You reach down and close the door.
You start resting.
A wight opens the door.
It is wielding a +0 scimitar.
Casting: Foxfire (safe; 1% risk of failure)
Confirm with . or Enter, or press ? or * to list all spells.
The fire begins to smoulder!
The wight hits you with a +0 scimitar!
* * * LOW HITPOINT WARNING * * *
The fire ignites!
Casting: Conjure Flame (safe; 1% risk of failure)
Confirm with . or Enter, or press ? or * to list all spells.
Flames lash the wight.
The wight is heavily damaged.
The wight's fire resistance burns away.
* * * LOW HITPOINT WARNING * * *
The wight hits you with a +0 scimitar!
You die...

....#....####..........#
#.....
.###..(....##..........#
.. .#
#...................# ..
.###.......#.....###'#.#
.. ...........#.....#
.#.# ...........#.....#
.# # .................#
.. ...............#.#
.###...........#@##
g#.............#z§#
...............##'##.#
#.#..................#
..#..................#
#######
#)...##...###........#
#......
#....##.).###........#
#......
......#...#..........#
#......
.##...#................
+......


You could see a wight (combustible).

Vanquished Creatures
  Pikel (D:4)
  Grinder (D:5)
  Sigmund (D:6)
  Menkaure (D:7)
  Pargi (Sewer)
  A sky beast (D:5)
  A black bear (D:4)
  An ice beast (D:5)
  A hornet zombie (D:6)
  A necrophage (D:3)
  2 ogres
  A centaur (D:5)
  4 lemures (D:4)
  A gnoll sergeant (D:7)
  A wyvern zombie (D:7)
  2 scorpions
  A water moccasin skeleton (D:6)
  A wight (D:7)
  A howler monkey (D:5)
  A hound (D:5)
  Crazy Yiuf (D:5)
  A centaur skeleton (D:6)
  A jelly (D:4)
  2 iguanas
  Ijyb (D:4)
  An orc wizard (D:7)
  7 adders
  2 gnolls (D:7)
  3 river rats (D:4)
  A white imp (D:5)
  An adder skeleton (D:4)
  2 worms (D:4)
  2 dart slugs
  6 orcs
  5 ball pythons
  11 bats
  A bat zombie (D:4)
  4 endoplasms
  3 giant cockroaches
  5 goblins
  3 hobgoblins
  5 jackals
  3 quokkas
  3 frilled lizards
  4 kobolds
  A rat zombie (D:4)
104 creatures vanquished.

Vanquished Creatures (collateral kills)
  A water moccasin (D:7)
  A hound (D:6)
  A centaur skeleton (D:7)
  An iguana (D:6)
  A gnoll (D:7)
  An orc (D:7)
  A giant cockroach (D:4)
7 creatures vanquished.

Vanquished Creatures (others)
  172 foxfires
172 creatures vanquished.

Grand Total: 283 creatures vanquished

Notes
Turn   | Place    | Note
-------+----------+-------------------------------------------
     0 | D:1      | dualclasshuman the Djinni Fire Elementalist began the quest
                  | for the Orb.
     0 | D:1      | Reached XP level 1. HP: 15/15 MP: 0/0
   159 | D:1      | Found a faded altar of an unknown god.
   414 | D:1      | Reached XP level 2. HP: 13/21 MP: 0/0
   822 | D:1      | Reached skill level 3 in Spellcasting
  1232 | D:2      | Reached XP level 3. HP: 16/25 MP: 0/0
  1232 | D:2      | Learned a level 1 spell: Beastly Appendage
  2588 | D:3      | Reached XP level 4. HP: 25/31 MP: 0/0
  2752 | D:3      | Noticed a necrophage
  2759 | D:3      | Killed a necrophage
  2760 | D:3      | Reached skill level 4 in Spellcasting
  2760 | D:3      | Reached XP level 5. HP: 29/35 MP: 0/0
  2760 | D:3      | Learned a level 2 spell: Blink
  3080 | D:3      | Found a faded altar of an unknown god.
  3491 | D:4      | Found a hide-covered altar of Uskayaw.
  3511 | D:4      | Noticed a black bear
  3518 | D:4      | Killed a black bear
  3519 | D:4      | Reached skill level 5 in Spellcasting
  3519 | D:4      | Reached XP level 6. HP: 28/40 MP: 0/0
  3623 | D:4      | HP: 2/40 [spore (4)]
  3638 | D:4      | Noticed Ijyb
  3646 | D:4      | Paralysed by Ijyb for 3 turns
  3649 | D:4      | Killed Ijyb
  3666 | D:4      | Found a glowing drain.
  3673 | Sewer    | Entered a sewer
  3791 | Sewer    | Noticed Pargi
  3801 | Sewer    | Killed Pargi
  3802 | Sewer    | Reached XP level 7. HP: 39/46 MP: 0/0
  3802 | Sewer    | Learned a level 3 spell: Vampiric Draining
  4027 | D:4      | Noticed Pikel
  4034 | D:4      | Killed Pikel
  4035 | D:4      | Reached skill level 7 in Spellcasting
  4035 | D:4      | Reached XP level 8. HP: 43/51 MP: 0/0
  5024 | D:4      | Found a basalt altar of Yredelemnul.
  5024 | D:4      | Found a snail-covered altar of Cheibriados.
  5119 | D:5      | Entered Level 5 of the Dungeon
  5119 | D:5      | Noticed Grinder
  5122 | D:5      | Killed Grinder
  5124 | D:5      | Found a bloodstained altar of Trog.
  5280 | D:5      | Reached skill level 8 in Spellcasting
  5336 | D:5      | Reached XP level 9. HP: 22/56 MP: 0/0
  5336 | D:5      | Learned a level 4 spell: Summon Ice Beast
  5973 | D:5      | Found a runed translucent door.
  5974 | D:5      | Noticed Crazy Yiuf
  5985 | D:5      | Killed Crazy Yiuf
  6196 | D:6      | Reached skill level 1 in Fighting
  6205 | D:6      | Reached skill level 9 in Spellcasting
  6413 | D:6      | Noticed Sigmund
  6416 | D:6      | Killed Sigmund
  6512 | D:6      | Found a broken altar of Ashenzari.
  6888 | D:7      | Noticed Menkaure
  6906 | D:7      | Killed Menkaure
  7256 | D:7      | Reached skill level 10 in Spellcasting
  7296 | D:7      | Slain by a wight

Illustrated notes

Levels and vault maps discovered:
D:1:      wander_arrival_estate, layout_basic,
          shapermc_ecumenical_altar_notcrosses, minmay_octomino_j4
D:2:      layout_loops_corners, minmay_misc_feat_square, grunt_ministairs_10
D:3:      layout_basic, nicolae_overflow_ecumenical_swirl
D:4:      nicolae_cairo_tiling_very_big, layout_rooms,
          nicolae_uskayaw_murder_on_the_dancefloor,
          lemuel_zombie_altar_kikubaaqudgha, gammafunk_temple_overflow_elements,
          lightli_sewer_entry_pipes, minmay_misc_feat_ornament, fountainhead,
          uniq_ijyb, uniq_pikel
D:5:      layout_cave_pools, bloody_trog, uniq_grinder, uniq_crazy_yiuf_cottage
D:6:      layout_rooms, mainiacjoe_overflow_alcove_2, uniq_sigmund
D:7:      layout_basic, nemelex_dance_club_becter, minmay_temple_entry_ruins,
          pf_guarded_unrand_meek, uniq_menkaure

Skill      XL: |  1  2  3  4  5  6  7  8  9 |
---------------+----------------------------+-----
Spellcasting   | 3 4 5 7 8 10 | 10.1
Dodging        | 3 |  3.2
Fighting       | 1 |  1.0
Short Blades   | |  0.1
Stealth        | |  1.5

Action                   |  1- 3 |  4- 6 |  7- 9 || total
-------------------------+-------+-------+-------++-------
Melee: Rapier            |       |     3 |       ||     3
 Cast: Foxfire           |    33 |    21 |    59 ||   113
       Scorch            |    12 |    27 |    16 ||    55
       Inner Flame       |       |     7 |    24 ||    31
       Conjure Flame     |       |     1 |    15 ||    16
       Vampiric Draining |       |       |     6 ||     6
       Flame Wave        |       |       |     4 ||     4
       Summon Ice Beast  |       |       |    10 ||    10
       Blink             |       |       |     2 ||     2
  Use: Scroll            |     4 |     3 |    13 ||    20
       Potion            |       |     3 |     4 ||     7
Armor: Robe              |     5 |     4 |     6 ||    15
Dodge: Dodged            |    15 |    16 |    20 ||    51
